AoeStats
← [Massa] Edo

African Clearing

510622747Analyzed
2v2 RM · 6h ago on Oct 1, 2026· 49m 47s· 4 players
Game mode
Random Map
Map size
Medium (4 player)
Population
200
Speed
Normal
Resources
Standard
Victory
Conquest
Starting age
Dark Age
Ending age
Imperial Age
RankedLock teamsTeams togetherTeam positionsShared explorationLock speedFull tech treeHidden civsTurbo modeCheats
Victory
Defeat
🇬🇧 Mongols · United Kingdom
1428
+15
🇧🇷 Persians · Brazil
1352
+18
🇧🇷 Varangians · Brazil
1405
-17
🇧🇷 Chinese · Brazil
1400
-16
[Massa] Edo
2:49 Loom
12:38 Feudal Age
17:17 Castle Age
15:24 Double-Bit Axe
15:46 Gold Mining
16:21 Stone Mining
17:16 Fletching
25:01 Horse Collar
28:26 Bow Saw
30:08 Bodkin Arrow
32:34 Ballistics
32:24 Padded Archer Armor
34:15 Wheelbarrow
33:27 Town Watch
38:26 Imperial Age
37:30 Leather Archer Armor
39:40 Gold Shaft Mining
43:50 Chemistry
43:11 Heavy Rocket Cart
44:18 Scale Mail Armor
44:29 Forging
43:41 Pikeman
44:22 Squires
44:07 Arson
46:06 Chain Mail Armor
46:26 Iron Casting
47:32 Plate Mail Armor
49:03 Blast Furnace
49:24 Hand Cart
tg
13:12 Feudal Age
14:01 Double-Bit Axe
16:42 Castle Age
14:25 Horse Collar
18:23 Bow Saw
21:08 Fletching
21:14 Loom
27:26 Husbandry
28:01 Ballistics
27:59 Bodkin Arrow
29:23 Wheelbarrow
29:28 Bloodlines
30:23 Hand Cart
30:52 Padded Archer Armor
34:39 Imperial Age
33:13 Heavy Plow
33:33 Treadmill Crane
34:03 Masonry
34:21 Town Watch
35:09 Stone Mining
35:09 Gold Mining
36:00 Crop Rotation
36:31 Two-Man Saw
36:20 Conscription
36:39 Stone Shaft Mining
36:07 Bracer
37:09 Chemistry
36:14 Siege Engineers
36:47 Leather Archer Armor
37:08 Scale Barding Armor
36:24 Light Cavalry
36:47 Cranequins
38:49 Ring Archer Armor
39:32 Architecture
39:55 Architecture
38:59 Heavy Mounted Crossbowman
40:09 Chain Barding Armor
40:44 Hussar
42:13 Murder Holes
42:55 Plate Barding Armor
42:46 Forging
42:18 Pikeman
42:58 Squires
42:59 Scale Mail Armor
43:19 Halberdier
46:52 Chain Mail Armor
50:00 Plate Mail Armor
35234525642
11:03 Loom
12:49 Feudal Age
14:47 Town Watch
17:45 Castle Age
15:47 Double-Bit Axe
15:45 Horse Collar
25:55 Fletching
28:02 Wheelbarrow
30:22 Hand Cart
30:10 Heavy Plow
36:12 Imperial Age
34:01 Stone Mining
34:01 Gold Mining
35:22 Bodkin Arrow
34:51 Elite Skirmisher
37:19 Conscription
37:13 Bracer
37:14 Padded Archer Armor
38:29 Ballistics
40:23 Gold Shaft Mining
40:31 Stone Shaft Mining
41:02 Leather Archer Armor
41:55 Thumb Ring
42:42 Parthian Tactics
45:53 Chemistry
44:19 Heavy Cavalry Archer
46:25 Scale Barding Armor
46:31 Forging
47:46 Light Cavalry
48:37 Bloodlines
48:27 Husbandry
49:53 Iron Casting
Tamy Chan
7:30 Loom
12:47 Feudal Age
16:29 Castle Age
14:52 Double-Bit Axe
16:29 Gold Mining
16:54 Scale Barding Armor
17:44 Forging
24:13 Wheelbarrow
23:26 Town Watch
25:01 Chain Barding Armor
25:52 Bow Saw
28:13 Bloodlines
28:40 Husbandry
30:16 Hand Cart
29:48 Horse Collar
33:01 Heavy Plow
34:48 Fervor
34:40 Town Patrol
35:30 Gold Shaft Mining
34:45 Stone Mining
38:34 Imperial Age
38:03 Stone Shaft Mining
38:12 Cavalier
40:04 Plate Barding Armor
40:05 Iron Casting
40:45 Two-Man Saw
39:36 Savar
40:56 Scale Mail Armor
42:20 Conscription
47:42 Fletching
47:52 Padded Archer Armor
48:53 Blast Furnace
47:46 Heavy Scorpion
49:25 Bodkin Arrow
49:45 Leather Archer Armor
Connection lost

Rejoining the realm…

Still unreachable

The connection could not be restored.

Session expired

The server has moved on; the page needs a fresh start.